 Dungeon Crawl Stone Soup version 0.17-a0-1504-gb7d9117 (webtiles) character file.

422 amnekian the Stinger (level 7, 0/48 HPs)
             Began as a Formicid Venom Mage on July 9, 2015.
             Slain by an orc priest
             ... wielding a +0 rapier
              (4 damage)
             ... on level 4 of the Dungeon.
             The game lasted 00:35:42 (5539 turns).

amnekian the Stinger (Formicid Venom Mage)          Turns: 5539, Time: 00:35:42

Health: 0/48       AC:  5    Str: 14    XL:     7   Next: 17%
Magic:  2/10       EV: 12    Int: 14    God:
Gold:   113        SH:  0    Dex: 12    Spells: 3 memorised, 4 levels left

rFire  + . .     SeeInvis +     h - +1 spear
rCold  . . .     Clarity  .     a - +0 robe
rNeg   . . .     SustAt   .     (no shield)
rPois  .         Gourm    .     (helmet unavailable)
rElec  .         Spirit   .     r - +0 cloak
rCorr  .         Warding  .     C - +0 pair of gloves (curse)
rMut   .         Stasis   +     p - +0 pair of boots
MR     .....                    (no amulet)
Stlth  ++........               x - ring of invisibility
                                v - ring of protection from fire

@: not resistant to hostile enchantments, unstealthy
A: permanent stasis, dig shafts and tunnels, four strong arms, antennae 3
a: Dig, Shaft Self, Evoke Invisibility


You were on level 4 of the Dungeon.
You were not hungry.

You visited 1 branch of the dungeon, and saw 4 of its levels.

You collected 113 gold pieces.

Inventory:

Hand weapons
 f - a +0 short sword
 h - a +1 spear (weapon)
 t - a +0 blowgun
Missiles
 d - 38 stones (quivered)
 l - 2 needles of confusion
 w - 14 poisoned needles
Armour
 a - a +0 robe (worn)
 j - a +0 chain mail
 k - a +0 ring mail
 p - a +0 pair of boots (worn)
 r - a +0 cloak (worn)
 C - a cursed +0 pair of gloves (worn)
Jewellery
 v - a ring of protection from fire (left hand)
 x - a ring of invisibility (right hand)
Magical devices
 y - a wand of flame (8)
Scrolls
 i - 3 scrolls of identify
 q - 2 scrolls of enchant weapon
 s - a scroll of magic mapping
Potions
 e - 2 potions of brilliance
 m - 2 potions of curing
 o - a potion of heal wounds
 u - a potion of might {unknown}
 A - a potion of ambrosia {unknown}
 D - a potion of mutation {unknown}
Books
 b - a Young Poisoner's Handbook

   Spells                             Type                      Level
   a - Sting                          Conjuration/Poison           1
   b - Cure Poison                    Poison                       2
   c - Mephitic Cloud                 Conjuration/Poison/Air       3
   d - Olgreb's Toxic Radiance        Poison                       4
   e - Venom Bolt                     Conjuration/Poison           5
Comestibles
 c - 8 bread rations
 g - 2 meat rations
 n - a slice of pizza
 z - a beef jerky
 B - 3 chunks of flesh


   Skills:
 * Level 1.5 Fighting
 - Level 1.7 Dodging
 - Level 2.4 Stealth
 - Level 2.1 Spellcasting
 - Level 4.0 Conjurations
 - Level 3.7 Air Magic
 - Level 5.3 Poison Magic


You had 4 spell levels left.
You knew the following spells:

 Your Spells              Type           Power        Failure   Level  Hunger
a - Sting                 Conj/Pois      ##..         3%          1    #......
b - Mephitic Cloud        Conj/Pois/Air  ##......     14%         3    ###....
c - Cure Poison           Pois           ###.......   4%          2    ###....


Dungeon Overview and Level Annotations

Branches:
Dungeon (4/15)
 Temple: D:4-7

Altars:

Annotations:
D:3 Terence


Innate Abilities, Weirdness & Mutations

You are under a permanent stasis effect.
You can dig through walls and to a lower floor.
Your four strong arms can wield two-handed weapons with a shield.
You have a pair of large antennae on your head (SInv).


Message History

Press: ? - help, Shift-Dir - straight line, f/p - orc priest
Aim: an orc priest, wielding a rapier and wearing a ring mail (heavily wounded)
The sting hits the orc priest.
The orc priest appears unharmed.
The orc priest is heavily wounded.
The orc priest closely misses you.
Casting: Sting
Confirm with . or Enter, or press ? or * to list all spells.
Aiming: Sting
Press: ? - help, Shift-Dir - straight line, f/p - orc priest
Aim: an orc priest, wielding a rapier and wearing a ring mail (heavily wounded)
The sting hits the orc priest.
The orc priest is poisoned.
The orc priest is heavily wounded.
The orc priest calls down the wrath of Beogh upon you.
Pain shoots through your body!
* * * LOW HITPOINT WARNING * * *
Unknown command.
You closely miss the orc priest.
The orc priest is severely wounded.
The orc priest hits you with a rapier.
You die...

###....####.# ##...# #.....##
.......# ##.##....# #....##
..####.## #.......## ###....##
..## #..# #........###.......##
...####.## ##...... .............
.........###......## #..........#
...................# #....#..#..#
....###...##.......###....#..#..#
..#.# #.####..#.@oo.###......#..#
....##.## #..#...##..........
....... #..###)............
......# #..# #.............
.....## #..###.............
...#..# ##. #..##..............
..####. ....#..##§............#
..## .......#...÷.....)....#
...## ........[.............#


You could see an orc priest and an orc wizard.

Vanquished Creatures
  2 ogres (D:4)
  A scorpion (D:4)
  An orc wizard (D:4)
  A hound skeleton (D:4)
  A gnoll (D:1)
  5 adders
  An ooze (D:1)
  3 worms
  3 orcs (D:4)
  2 ball pythons (D:1)
  16 bats
  6 giant cockroaches
  10 goblins
  10 hobgoblins
  8 jackals
  A quokka (D:3)
  3 giant geckos
  5 giant newts
  10 kobolds
  5 rats
94 creatures vanquished.

Notes
Turn   | Place    | Note
--------------------------------------------------------------
     0 | D:1      | amnekian the Formicid Venom Mage began the quest for the Orb.
     0 | D:1      | Reached XP level 1. HP: 13/13 MP: 3/3
   400 | D:1      | Reached skill level 1 in Conjurations
   487 | D:1      | Reached XP level 2. HP: 19/19 MP: 1/5
  1160 | D:1      | Reached XP level 3. HP: 1/24 MP: 0/6
  1448 | D:1      | Learned a level 3 spell: Mephitic Cloud
  1451 | D:1      | Learned a level 2 spell: Cure Poison
  2257 | D:1      | Reached XP level 4. HP: 23/30 MP: 3/7
  3329 | D:2      | Reached XP level 5. HP: 24/35 MP: 2/8
  3930 | D:3      | Noticed Terence
  4662 | D:4      | Reached skill level 1 in Air Magic
  4803 | D:4      | Noticed an ogre
  4831 | D:4      | Killed an ogre
  4831 | D:4      | Reached XP level 6. HP: 41/41 MP: 9/9
  5416 | D:4      | Noticed an ogre
  5446 | D:4      | Killed an ogre
  5446 | D:4      | Reached XP level 7. HP: 42/46 MP: 6/10
  5534 | D:4      | Reached skill level 1 in Fighting
  5539 | D:4      | Slain by an orc priest

Vault maps used:
D:1:      dpeg_arrival_round_c, minmay_misc_feat_nine_boxes
D:2:      first_bread
D:3:      lemuel_coloured_pillars_altar, grunt_ministairs_12, uniq_terence
D:4:      minmay_door_path, item_on_display_a

Action                   |  1- 3 |  4- 6 |  7- 9 || total
-------------------------+-------+-------+-------++-------
Melee: Unarmed           |    11 |       |       ||    11
       Spear             |    80 |   103 |     9 ||   192
 Fire: Blowgun           |       |     5 |       ||     5
Throw: Stone             |     2 |     6 |       ||     8
 Cast: Sting             |    59 |   107 |    14 ||   180
 Abil: Dig               |       |     4 |       ||     4
Evoke: Wand              |       |       |     1 ||     1
  Use: Scroll            |       |     8 |       ||     8
 Stab: Sleeping          |     1 |       |       ||     1
  Eat: Chunk             |     5 |    13 |       ||    18
